Map: Sanctuary III LE

Players

Shino - Winner!

  • Race: Zerg Zerg
  • League: Grandmaster
  • Spawn Location: 1:00

HolyHit

  • Race: Protoss Protoss
  • League: Grandmaster
  • Spawn Location: 7:00

Event: HomeStory Cup XXIX

VOD

Have the link to the VOD?

Description

Time

  • Played on: July 3, 2026, 9:31 a.m.
  • Length: 8:32

All games in this series

Show
View Real Time Build Order
Export as new Build Order

Shino Zerg - Winner!

Build Orders: Hatch First 

Get SALT Encoding   

  8  0:00  Drone  
  9  0:10  Drone  
  10  0:17  Drone  
  11  0:27  Overlord  
  11  0:34  Drone  
  12  0:46  Drone x2  
  14  0:52  Drone  
  15  1:01  Drone  
  16  1:17  Hatchery  
  15  1:20  Drone  
  15  1:23  Drone  
  17  1:30  Drone  
  18  1:37  Extractor  
  17  1:43  Spawning Pool  
  17  1:47  Drone  
  17  1:51  Drone  
  18  1:59  Drone  
  19  2:10  Drone  
  20  2:19  Overlord  
  20  2:29  Queen  
  20  2:30  Queen  
  24  2:38  Zergling x4  
  24  2:41  Drone  
  24  2:42  Drone  
  28  2:45  Metabolic Boost  
  28  2:49  Drone  
  28  2:50  Drone  
  30  3:00  Drone  
  31  3:09  Hatchery  
  30  3:14  Overlord  
  30  3:16  Zergling x2  
  31  3:20  Zergling x2  
  31  3:27  Overlord  
  32  3:34  Zergling x2  
  33  3:35  Drone  
  33  3:37  Queen  
  33  3:40  Drone x3  
  39  3:42  Drone  
  39  3:45  Drone  
  39  3:47  Drone  
  42  3:49  Drone  
  42  3:55  Drone  
  44  3:56  Drone  
  44  3:58  Overlord  
  44  4:02  Drone  
  46  4:04  Drone  
  46  4:05  Drone  
  48  4:12  Spore Crawler x2  
  48  4:16  Drone  
  47  4:17  Queen  
  49  4:24  Drone x2  
  50  4:33  Queen  
  50  4:35  Drone x2  
  50  4:36  Drone  
  50  4:38  Spore Crawler  
  54  4:39  Overlord  
  53  4:51  Overlord  
  51  4:57  Overlord  
  51  4:58  Lair  
  51  5:01  Drone x2  
  51  5:02  Drone x2  
  51  5:03  Roach Warren  
  51  5:04  Drone x2  
  51  5:06  Drone  
  57  5:07  Drone  
  57  5:08  Drone  
  57  5:11  Drone  
  60  5:17  Zergling x8  
  63  5:27  Extractor  
  63  5:28  Drone x4, Extractor  
  65  5:29  Drone x2  
  65  5:30  Overlord  
  65  5:35  Queen  
  67  5:37  Drone x3  
  67  5:42  Drone x4  
  74  5:50  Overlord  
  74  5:51  Drone  
  74  5:56  Extractor  
  74  5:57  Drone  
  74  5:58  Drone  
  74  6:00  Evolution Chamber  
  74  6:01  Drone x4  
  74  6:04  Overseer  
  78  6:07  Extractor x2  
  76  6:11  Drone x2  
  76  6:12  Drone  
  76  6:14  Overlord  
  76  6:17  Hatchery  
  78  6:20  Zergling x14  
  85  6:25  Roach  
  85  6:26  Roach x3  
  85  6:29  Overlord  
  85  6:31  Glial Reconstitution  
  90  6:33  Overlord  
  90  6:35  Roach  
  92  6:40  Roach x2  
  92  6:45  Roach x2  
  100  6:50  Roach x4  
  108  6:56  Overlord  
  108  6:58  Roach x4  
  116  7:03  Overlord  
  116  7:08  Overlord  
  116  7:13  Overlord  
  115  7:19  Roach x4  
  115  7:20  Overlord x2  
  116  7:30  Roach  
  116  7:31  Roach x5, Pneumatized Carapace  
  116  7:34  Ravager  
  128  7:38  Roach x2  
  128  7:41  Roach  
  128  7:42  Roach x2  
  138  7:48  Drone  
  139  7:52  Roach x6  
  139  7:56  Roach x2  
  155  8:01  Overlord  
  155  8:02  Overlord  
  155  8:04  Ravager  
  155  8:05  Ravager x4  
  160  8:11  Zergling x12  
  166  8:17  Ravager  
  166  8:18  Ravager  
Show
View Real Time Build Order
Export as new Build Order

HolyHit Protoss 

Build Orders: Oracle Opening 

Get SALT Encoding   

  8  0:00  Probe (Chrono Boost)  
  9  0:13  Probe (Chrono Boost)  
  10  0:18  Probe (Chrono Boost)  
  11  0:28  Probe  
  12  0:34  Pylon  
  12  0:40  Probe  
  13  0:52  Probe  
  14  1:01  Gateway  
  14  1:05  Probe (Chrono Boost)  
  15  1:15  Probe (Chrono Boost), Assimilator  
  16  1:19  Probe (Chrono Boost)  
  17  1:31  Probe  
  18  1:43  Probe  
  19  1:55  Nexus  
  19  2:06  Cybernetics Core  
  19  2:09  Probe  
  19  2:15  Assimilator  
  20  2:22  Pylon  
  20  2:24  Probe  
  21  2:39  Adept (Chrono Boost)  
  21  2:40  Probe  
  24  2:52  Probe  
  24  2:53  Stargate  
  25  3:01  Adept (Chrono Boost)  
  25  3:04  Probe  
  28  3:09  Probe, Warp Gate  
  29  3:16  Probe  
  30  3:21  Probe  
  31  3:27  Stalker  
  31  3:28  Probe  
  31  3:33  Probe  
  35  3:40  Probe  
  36  3:43  Oracle (Chrono Boost)  
  36  3:45  Probe  
  40  3:51  Pylon  
  40  3:52  Probe  
  41  3:57  Probe  
  42  4:09  Probe  
  43  4:17  Nexus  
  43  4:18  Oracle  
  43  4:19  Probe  
  48  4:24  Pylon, Probe  
  48  4:31  Gateway  
  48  4:37  Twilight Council  
  48  4:39  Probe  
  48  4:40  Probe  
  50  4:51  Probe  
  49  4:55  Probe  
  49  4:57  Forge  
  48  5:00  Assimilator  
  48  5:03  Probe  
  49  5:09  Gateway  
  49  5:10  Adept  
  49  5:11  Probe  
  49  5:12  Gateway  
  52  5:18  Probe, Charge  
  53  5:23  Probe  
  54  5:29  Probe  
  54  5:30  Probe  
  54  5:33  Protoss Ground Weapons Level 1 (Chrono Boost)  
  56  5:36  Pylon  
  56  5:41  Probe  
  57  5:47  Adept, Gateway  
  57  5:48  Gateway, Probe  
  57  5:49  Probe  
  61  5:55  Probe  
  62  5:57  Pylon  
  62  6:00  Probe  
  62  6:01  Probe  
  64  6:07  Gateway, Probe  
  65  6:17  Gateway  
  65  6:19  Gateway  
  64  6:26  Zealot x4  
  72  6:34  Probe  
  72  6:35  Probe  
  74  6:46  Pylon  
  74  6:48  Templar Archives, Pylon  
  74  6:51  Robotics Facility, Zealot x3  
  76  6:55  Zealot x2  
  76  7:01  Zealot  
  74  7:12  Probe  
  74  7:14  Probe (Chrono Boost)  
  66  7:18  Zealot x2  
  66  7:19  Probe (Chrono Boost)  
  66  7:22  Zealot  
  71  7:25  Probe (Chrono Boost)  
  71  7:26  Probe (Chrono Boost)  
  66  7:30  Zealot x3  
  66  7:34  Probe x2 (Chrono Boost)  
  73  7:38  Probe (Chrono Boost)  
  73  7:41  Probe  
  73  7:42  Pylon  
  75  7:49  Probe  
  76  7:51  Fleet Beacon  
  76  7:57  Assimilator  
  76  7:59  Assimilator  
  76  8:00  Zealot x2  
  76  8:01  Zealot  
  82  8:10  Zealot x4  
  90  8:13  Observer  
Tags
 
Add a new tag
Caveats
  • Supply blocks, unpowered buildings, or Contaminate may cause inaccurate times.
  • Supply counts are checked every 10 seconds.